 Dungeon Crawl Stone Soup version 0.30-a0-305-g026cb31310 (webtiles) character file.

Game seed: 12611246227287512340

973 sleeves the Cudgeller (level 8, -3/56 HPs)
             Began as a Human Reaver on Oct 21, 2022.
             Was an Initiate of Gozag.
             Slain by an unseen horror (9 damage)
             ... on level 6 of the Dungeon.
             The game lasted 00:11:35 (5533 turns).

sleeves the Cudgeller (Human Reaver)                Turns: 5533, Time: 00:11:35

Health: -3/56      AC:  3    Str: 14    XL:     8   Next: 39%
Magic:  14/14      EV: 11    Int: 14    God:    Gozag
Gold:   295        SH:  0    Dex: 12    Spells: 14/15 levels left

rFire   . . .      SeeInvis .    a - +0 mace
rCold   . . .      Faith    .    (no shield)
rNeg    . . .      Spirit   .    y - +0 leather armour
rPois   .          Reflect  .    (no helmet)
rElec   .          Harm     .    (no cloak)
rCorr   +          Rampage  .    (no gloves)
Will    .....                    (no boots)
Stlth   +.........               (no amulet)
HPRegen 0.29/turn                b - ring of resist corrosion
MPRegen 0.14/turn                (no ring)

@: no status effects
A: no striking features
a: Renounce Religion, Potion Petition, Call Merchant, Bribe Branch


You were on level 6 of the Dungeon.
You worshipped Gozag.
Gozag was aware of your devotion.
You visited 1 branch of the dungeon, and saw 6 of its levels.

You collected 386 gold pieces.
You paid 91 gold pieces to Gozag.

Inventory:

Hand Weapons
 a - a +0 mace (weapon)
 r - a +0 flail
   (You found it on level 3 of the Dungeon)
Missiles
 s - 4 poisoned darts (quivered)
Armour
 m - a +0 ring mail
   (You found it on level 1 of the Dungeon)
 y - a +0 leather armour (worn)
   (You took it off an orc on level 5 of the Dungeon)
Jewellery
 b - a ring of resist corrosion (left hand)
   (You found it on level 3 of the Dungeon)
Wands
 p - a wand of mindburst (16)
   (You found it on level 3 of the Dungeon)
 t - a wand of flame (13)
   (You found it on level 4 of the Dungeon)
Scrolls
 c - a scroll of teleportation {unknown}
 d - a scroll of enchant weapon {unknown}
 f - a scroll of immolation {unknown}
 h - 5 scrolls of identify {unknown}
 i - 2 scrolls of magic mapping {unknown}
 l - 3 scrolls of noise {unknown}
 q - a scroll of fear {unknown}
 v - a scroll of amnesia {unknown}
 z - a scroll of brand weapon {unknown}
 A - a scroll of fog {unknown}
Potions
 e - a potion of might {unknown}
 g - a potion of curing
 j - a potion of attraction {unknown}
 k - 2 potions of ambrosia {unknown}
 n - a potion of resistance {unknown}
 o - a potion of heal wounds {unknown}
 u - a potion of brilliance {unknown}
 w - a potion of flight {unknown}
 x - a potion of magic {unknown}


   Skills:
 - Level 2.0 Fighting
 - Level 7.0 Maces & Flails
 - Level 2.0 Dodging
 + Level 4.0 Spellcasting
 + Level 6.1 Conjurations
 + Level 0.0 Air Magic


You had 14 spell levels left.
You knew the following spells:

 Your Spells              Type           Power      Damage    Failure   Level
a - Kiss of Death         Conj/Necr      44%        2d8       7%          1

Your spell library contained the following spells:

 Spells                   Type           Power      Damage    Failure   Level
 Magic Dart               Conj           80%        1d7       1%          1
 Momentum Strike          Conj/Tloc      22%        3d8       11%         2
 Static Discharge         Conj/Air       22%        2-3/arc   11%         2
 Hailstorm                Conj/Ice       11%        3d5       21%         3
 Stone Arrow              Conj/Erth      22%        3d8       21%         3
 Necrotise                Necr           8%         1d4       24%         1
 Sandblast                Erth           4%         2d4       24%         1
 Mephitic Cloud           Conj/Pois/Air  8%         N/A       32%         3
 Call Imp                 Summ           2%         N/A       36%         2
 Passwall                 Tmut/Erth      1%         N/A       36%         2
 Sublimation of Blood     Necr           2%         N/A       36%         2
 Wereblood                Tmut           2%         N/A       36%         2
 Call Canine Familiar     Summ           2%         N/A       58%         3
 Portal Projectile        Hex/Tloc       4%         N/A       58%         3
 Vampiric Draining        Necr           2%         2d6       58%         3
 Vhi's Electric Charge    Tloc/Air       4%         N/A       58%         3
 Arcjolt                  Conj/Air       5%         1d15      88%         5
 Lightning Bolt           Conj/Air       5%         1d17      88%         5
 Leda's Liquefaction      Hex/Erth       1%         N/A       94%         4
 Agony                    Necr           2%         N/A       100%        5
 Summon Hydra             Summ           1%         N/A       100%        7


Dungeon Overview and Level Annotations

Branches:
Dungeon (6/15)
 Temple: D:4-7

Altars:
Gozag
Qazlal
Yredelemnul


Message History

The phantom is moderately damaged.
The phantom hits you but does no damage.
You hit the phantom.
The phantom is moderately damaged.
The phantom completely misses you.
You hit the phantom.
The phantom is heavily damaged.
The phantom hits you.
The phantom blinks!
You blink.
You hit the phantom but do no damage.
The phantom is heavily damaged.
The phantom hits you.
You miss the phantom.
The phantom is heavily damaged.
The phantom hits you but does no damage.
You hit the phantom.
The phantom is heavily damaged.
The phantom hits you.
You hit the phantom.
The phantom is severely damaged.
The phantom closely misses you.
The phantom hits you but does no damage.
You closely miss the phantom.
The phantom is severely damaged.
The phantom hits you.
The phantom blinks!
You blink.
You are too injured to fight recklessly!
You are too injured to fight recklessly!
You are too injured to fight recklessly!
You are too injured to fight recklessly!
You are too injured to fight recklessly!
You are too injured to fight recklessly!
You are too injured to fight recklessly!
You are too injured to fight recklessly!
You are too injured to fight recklessly!
You are too injured to fight recklessly!
You are too injured to fight recklessly!
You are too injured to fight recklessly!
You are too injured to fight recklessly!
You are too injured to fight recklessly!
You are too injured to fight recklessly!
You are too injured to fight recklessly!
You are too injured to fight recklessly!
You are too injured to fight recklessly!
You are too injured to fight recklessly!
You are too injured to fight recklessly!
You are too injured to fight recklessly!
You closely miss the phantom.
The phantom is severely damaged.
The phantom hits you.
You barely miss the phantom.
The phantom is severely damaged.
The phantom hits you.
* * * LOW HITPOINT WARNING * * *
The phantom blinks!
You blink.
You hit the phantom.
The phantom is severely damaged.
The phantom completely misses you.
You hit the phantom.
The phantom is almost destroyed.
The phantom hits you.
* * * LOW HITPOINT WARNING * * *
You thump the phantom!
You destroy the phantom!
An orc is nearby!
Things that are here:
a +0 dagger; an orc skeleton
There is a stone staircase leading up here.
You climb upwards.
There is a stone staircase leading down here.
HP restored.
Done exploring.
You climb downwards.
There is a stone staircase leading up here.
The orc shouts!
You see here a +0 club.
The orc shouts!
The orc hits you with a +0 hand axe.
You hit the orc.
The orc is lightly wounded.
The orc hits you with a +0 hand axe.
You hit the orc.
The orc is heavily wounded.
The orc closely misses you.
You barely miss the orc.
The orc is heavily wounded.
The orc barely misses you.
You hit the orc.
The orc is severely wounded.
The orc barely misses you.
You hit the orc.
You kill the orc!
You sock the orc!
You kill the orc!
No target in view!
No target in view!
No target in view!
No target in view!
No target in view!
No target in view!
No target in view!
No target in view!
No target in view!
No target in view!
No target in view!
No target in view!
No target in view!
No target in view!
HP restored.
s - 5 poisoned darts (gained 1)
Things that are here:
a +0 leather armour; a +0 flail You see here a +0 club.
There is a stone staircase leading down here.
You now have 237 gold pieces (gained 7).
Key pressed, stopping explore.
A jackal comes into view.
A jackal is nearby!
A jackal is nearby!
The jackal barks!
You hear a bark!
A jackal comes into view.
The jackal barks!
You hit the jackal but do no damage.
The jackal bites you but does no damage.
A jackal comes into view.
A quokka comes into view.
The jackal bites you but does no damage.
The quokka moves out of view.
You closely miss the jackal.
The jackal barks!
A jackal comes into view.
The jackal bites you but does no damage.
The jackal moves out of view.
You sock the jackal!
You kill the jackal!
The jackal barks!
The jackal bites you but does no damage.
The jackal closely misses you.
You barely miss the jackal. The jackal barely misses you.
The jackal misses you. The jackal barely misses you.
You closely miss the quokka.
The jackal bites you but does no damage.
The quokka barely misses you. The jackal closely misses you.
You barely miss the jackal. The jackal bites you. x2
The quokka closely misses you. The jackal bites you.
The jackal closely misses you. The jackal bites you.
You hit the jackal.
The jackal is severely wounded.
The jackal bites you. The quokka barely misses you.
The jackal bites you but does no damage. x2
The jackal barely misses you.
The quokka bites you but does no damage.
You barely miss the jackal.
The jackal is severely wounded.
The jackal bites you. The jackal closely misses you.
The jackal bites you but does no damage.
The jackal completely misses you. The quokka closely misses you.
The jackal bites you but does no damage.
You barely miss the jackal.
The jackal is severely wounded.
The jackal bites you but does no damage.
The jackal closely misses you. The quokka closely misses you.
The jackal bites you but does no damage.
The jackal misses you.
You thump the jackal!
You kill the jackal!
The jackal barely misses you.
The jackal bites you but does no damage.
The quokka closely misses you. The jackal barely misses you.
The jackal bites you but does no damage.
You hit the quokka.
The quokka is almost dead.
The quokka barely misses you. The jackal closely misses you. x2
The quokka bites you but does no damage.
You barely miss the quokka.
The quokka is almost dead.
The jackal closely misses you. The jackal barely misses you.
The quokka bites you but does no damage.
The jackal closely misses you.
You hit the quokka.
You kill the quokka!
The jackal misses you.
The jackal bites you but does no damage. x2
You barely miss the jackal. The jackal completely misses you.
The jackal bites you but does no damage.
You sock the jackal!
You kill the jackal!
The jackal closely misses you. x2
You closely miss the jackal.
The jackal bites you but does no damage.
You hit the jackal.
You kill the jackal!
No target in view!
No target in view!
No target in view!
No target in view!
No target in view!
No target in view!
No target in view!
No target in view!
No target in view!
No target in view!
You see here a jackal corpse.
You see here a jackal corpse.
You pick up a book of Minor Magic and begin reading...
You add the spells Magic Dart, Call Imp and Mephitic Cloud to your library.
Found a stone staircase leading down.
Found a stone staircase leading down.
Done exploring.
Done exploring.
Done exploring.
Okay, then.
Unknown command.
Okay, then.
Search for what [Enter for "mace", or ? for help]? armor
Things that are here:
a +0 flail; a +0 halberd
Things that are here:
a +0 club; a +0 hand axe; a +0 leather armour
y - a +0 leather armour You start removing your armour.
You continue taking off your +0 ring mail. x4
You finish taking off your +0 ring mail.
You start putting on your armour.
You continue putting on your +0 leather armour. x5
You finish putting on your +0 leather armour.
Okay, then.
Okay, then.
Unknown command.
Unknown command.
Unknown command.
Unknown command.
Unknown command.
Unknown command.
Done exploring.
Done exploring.
There is a stone staircase leading down here.
Things that are here:
a +0 leather armour; a +0 flail You see here a +0 club.
Okay, then.
There is an opulent altar of Gozag here.
You kneel at the altar of Gozag.
Gozag welcomes you!
You pay a service fee of 91 gold.
(D) Dungeon
Where to? (Enter - D:5 @ (x,y), ? - help)
You see here a +0 club.
Things that are here:
a +0 leather armour; a +0 flail
There is a stone staircase leading down here.
You climb downwards.
Found a stone staircase leading down.
There is a stone staircase leading up here.
Unknown command.
Found an escape hatch in the ceiling.
Found an escape hatch in the floor.
Found a stone staircase leading up.
There is a stone staircase leading up here.
z - a scroll labelled LYJELO TUCH
Found a stone staircase leading down.
An iguana comes into view.
The iguana hisses angrily.
Found a stone staircase leading down.
No target in view!
An iguana and a howler monkey come into view.
Found a scroll labelled QIAQIL ZUANEX and 9 gold pieces.
There is a stone staircase leading down here.
You throw a poisoned dart.
The poisoned dart barely misses the iguana.
The howler monkey howls!
You throw a poisoned dart. The poisoned dart hits the iguana.
The iguana is poisoned.
A shadow imp comes into view.
You barely miss the iguana.
The shadow imp shouts, "Turn tail, thou pandering bat-fowling coxcomb!"
The iguana bites you!
You closely miss the iguana.
The iguana is lightly wounded.
The iguana closely misses you.
You hit the iguana but do no damage.
The iguana is moderately wounded.
The howler monkey hoots and howls with incredible vigour!
A jelly comes into view.
The iguana barely misses you.
You hear an angry hiss.
You hear a shout! x4
You hit the iguana.
The iguana is severely wounded.
The iguana bites you.
You closely miss the iguana.
The iguana is severely wounded.
The iguana looks more healthy.
The iguana bites you.
There are monsters nearby!
There are monsters nearby!
The iguana attacks as you move away! The iguana bites you!
The shadow imp grinds its teeth.
You sock the iguana!
You kill the iguana!
There is a stone staircase leading up here.
You climb upwards.
There is a stone staircase leading down here.
You start resting.
HP restored.
You climb downwards.
The shadow imp hits you. The howler monkey hits you. The shadow imp hits you.
There is a stone staircase leading up here.
You closely miss the howler monkey. The howler monkey closely misses you.
The shadow imp closely misses you. The howler monkey closely misses you.
The shadow imp misses you.
You climb upwards.
There is a stone staircase leading down here.
You barely miss the howler monkey.
The howler monkey hits you but does no damage.
The shadow imp closely misses you.
The howler monkey hoots and howls with incredible vigour!
You barely miss the howler monkey. The howler monkey hits you!
The shadow imp hits you.
You hit the howler monkey but do no damage.
The howler monkey closely misses you. The shadow imp hits you.
You are too injured to fight recklessly!
You are too injured to fight recklessly!
You are too injured to fight recklessly!
You are too injured to fight recklessly!
You are too injured to fight recklessly!
You are too injured to fight recklessly!
You are too injured to fight recklessly!
You are too injured to fight recklessly!
You are too injured to fight recklessly!
You are too injured to fight recklessly!
You are too injured to fight recklessly!
You are too injured to fight recklessly!
You are too injured to fight recklessly!
You are too injured to fight recklessly!
You are too injured to fight recklessly!
You are too injured to fight recklessly!
You are too injured to fight recklessly!
You are too injured to fight recklessly!
You closely miss the shadow imp. The howler monkey barely misses you.
The shadow imp hits you but does no damage.
You hit the shadow imp.
The shadow imp is lightly wounded.
The howler monkey hits you. The shadow imp hits you.
You closely miss the shadow imp.
The shadow imp is lightly wounded.
The howler monkey hits you. The shadow imp barely misses you.
The howler monkey closely misses you.
You hit the shadow imp.
The shadow imp is heavily wounded.
The howler monkey hits you.
* * * LOW HITPOINT WARNING * * *
The shadow imp misses you.
You barely miss the shadow imp.
The shadow imp is heavily wounded.
The howler monkey closely misses you.
The shadow imp summons a swarm of flies.
The shadow imp gestures at you. Pain shoots through your body!
* * * LOW HITPOINT WARNING * * *
The shadow imp attacks as you move away!
The shadow imp completely misses you.
The howler monkey attacks as you move away!
The howler monkey barely misses you. The howler monkey closely misses you.
The shadow imp attacks as you move away!
The shadow imp barely misses you.
The howler monkey attacks as you move away!
The howler monkey closely misses you.
Really walk into that dispersal trap?
The shadow imp attacks as you move away!
The shadow imp closely misses you.
You enter a dispersal trap!
The shadow imp blinks!
The howler monkey blinks!
The shadow imp blinks!
The howler monkey blinks!
The shadow imp blinks!
You blink.
The shadow imp gestures at you. Pain shoots through your body!
* * * LOW HITPOINT WARNING * * *
The howler monkey hoots and howls with incredible vigour!
Aiming: Throw Flame
Press: ? - help, Shift-Dir - straight line, f - shadow imp
Aim: a shadow imp (moderately wounded, 64% to hit)
The puff of flame hits the shadow imp!
You kill the shadow imp!
The howler monkey hits you.
* * * LOW HITPOINT WARNING * * *
You hit the howler monkey.
The howler monkey is moderately wounded.
The howler monkey hits you.
* * * LOW HITPOINT WARNING * * *
You barely miss the howler monkey.
The howler monkey is moderately wounded.
The howler monkey barely misses you.
The howler monkey hoots and howls with incredible vigour!
You hit the howler monkey.
The howler monkey is moderately wounded.
The howler monkey hoots and howls with incredible vigour!
You hit the howler monkey.
The howler monkey is heavily wounded.
The howler monkey hits you.
* * * LOW HITPOINT WARNING * * *
You hit the howler monkey.
The howler monkey is heavily wounded.
The howler monkey closely misses you.
You barely miss the howler monkey.
The howler monkey is heavily wounded.
The howler monkey barely misses you. The howler monkey hits you.
* * * LOW HITPOINT WARNING * * *
Aiming: Mindburst
Press: ? - help, Shift-Dir - straight line, f - howler monkey
Aim: a howler monkey (heavily wounded, chance to affect: 72%)
The howler monkey struggles to resist.
The howler monkey completely misses you.
Aiming: Mindburst
Press: ? - help, Shift-Dir - straight line, f/p - howler monkey
Aim: a howler monkey (heavily wounded, chance to affect: 72%)
The howler monkey's mind is blasted!!
You blow up the howler monkey!
HP restored.
You now have 155 gold pieces (gained 9).
You now have 162 gold pieces (gained 7).
Done exploring.
Done exploring.
Done exploring.
Done exploring.
There is a stone staircase leading down here.
You climb downwards.
There is a stone staircase leading up here.
The adder hisses angrily.
The scorpion barely misses you. The scorpion stings you.
You climb upwards.
There is a stone staircase leading down here.
You barely miss the scorpion. The scorpion misses you.
You barely miss the scorpion.
The scorpion stings you but does no damage.
You barely miss the scorpion. The scorpion stings you.
You sock the scorpion!
The scorpion is heavily wounded.
The scorpion stings you. The scorpion completely misses you.
You closely miss the scorpion.
The scorpion is heavily wounded.
The scorpion stings you but does no damage.
You barely miss the scorpion.
The scorpion is heavily wounded.
The scorpion barely misses you.
You barely miss the scorpion.
The scorpion is heavily wounded.
The scorpion closely misses you. The scorpion barely misses you.
You closely miss the scorpion.
The scorpion is heavily wounded.
The scorpion barely misses you.
You hit the scorpion.
The scorpion is severely wounded.
The scorpion stings you.
You hit the scorpion but do no damage.
The scorpion is severely wounded.
The scorpion closely misses you.
You closely miss the scorpion.
The scorpion is heavily wounded.
The scorpion stings you.
You barely miss the scorpion.
The scorpion is heavily wounded.
The scorpion stings you. The scorpion barely misses you.
You are too injured to fight recklessly!
You are too injured to fight recklessly!
You are too injured to fight recklessly!
You are too injured to fight recklessly!
You are too injured to fight recklessly!
You are too injured to fight recklessly!
You are too injured to fight recklessly!
You are too injured to fight recklessly!
You are too injured to fight recklessly!
You are too injured to fight recklessly!
You are too injured to fight recklessly!
You are too injured to fight recklessly!
You are too injured to fight recklessly!
You are too injured to fight recklessly!
You are too injured to fight recklessly!
You are too injured to fight recklessly!
You are too injured to fight recklessly!
Throw: 3 darts (poison)
Press: ? - help, Q - select action, (/) - cycle Shift-Dir - straight line, f - scorpion
Aim: a scorpion (heavily wounded, 56% to hit)
You throw a poisoned dart.
The poisoned dart barely misses the scorpion.
The scorpion stings you.
Throw: 2 darts (poison)
Press: ? - help, Q - select action, (/) - cycle Shift-Dir - straight line, f/p - scorpion
Aim: a scorpion (heavily wounded, 56% to hit)
You throw a poisoned dart.
The poisoned dart closely misses the scorpion.
The scorpion barely misses you.
Throw: dart (poison)
Press: ? - help, Q - select action, (/) - cycle Shift-Dir - straight line, f/p - scorpion
Aim: a scorpion (heavily wounded, 56% to hit)
You throw a poisoned dart. The poisoned dart hits the scorpion.
The scorpion is poisoned.
The scorpion is heavily wounded.
The scorpion barely misses you.
You hit the scorpion.
The scorpion is severely wounded.
The scorpion stings you. x2
* * * LOW HITPOINT WARNING * * *
You barely miss the scorpion.
The scorpion is almost dead.
You kill the scorpion!
Your Conjurations skill increases to level 5!
You now have 171 gold pieces (gained 9).
s - a poisoned dart
s - 3 poisoned darts (gained 2)
You start resting.
HP restored.
There is a stone staircase leading down here.
You climb downwards.
There is a stone staircase leading up here.
The adder hisses angrily.
An ice beast comes into view.
There are monsters nearby!
There are monsters nearby!
A necrophage comes into view.
Aiming: Mindburst
Press: ? - help, Shift-Dir - straight line, f - ice beast
Aim: an ice beast (chance to affect: 64%)
The ice beast's mind is blasted!
Aiming: Mindburst
Press: ? - help, Shift-Dir - straight line, f/p - ice beast
Aim: an ice beast (moderately wounded, chance to affect: 64%)
The ice beast struggles to resist.
Aiming: Mindburst
Press: ? - help, Shift-Dir - straight line, f/p - ice beast
Aim: an ice beast (moderately wounded, chance to affect: 64%)
The ice beast's mind is blasted!
The ice beast hits you but does no damage.
You hit the ice beast.
You kill the ice beast!
The adder bites you.
Your Spellcasting skill increases to level 3!
You have reached level 8!
You feel agile.
You hit the adder but do no damage. The adder closely misses you.
You closely miss the adder. The adder bites you.
You are poisoned.
The adder poisons you!
You miss the adder.
You feel sick.
The adder bites you but does no damage. x2
You barely miss the adder.
You feel sick. The adder barely misses you.
You closely miss the adder.
You feel sick.
You are no longer poisoned.
The adder bites you.
You sock the adder!
The adder is almost dead.
The adder is distracted by your dazzling golden aura.
You barely miss the adder.
The adder is no longer distracted by gold.
The adder hisses angrily.
The adder is almost dead.
The adder barely misses you. The adder bites you but does no damage.
You completely miss the adder.
The adder is almost dead.
The adder bites you.
You closely miss the adder.
The adder is almost dead.
The adder bites you.
You are poisoned.
The adder poisons you!
You hit the adder.
You kill the adder!
You feel sick.
You feel sick.
You feel sick.
You feel sick.
There is a stone staircase leading up here.
Magic restored.
You feel sick.
You are no longer poisoned.
The ice beast is distracted by your dazzling golden aura.
The necrophage hits you.
You feel drained.
You climb upwards.
There is a stone staircase leading down here.
You closely miss the necrophage.
The necrophage hits you but does no damage.
You barely miss the necrophage.
You punch the necrophage, but do no damage.
The necrophage closely misses you.
You hit the necrophage.
The necrophage is lightly damaged.
The necrophage hits you!
You are too injured to fight recklessly!
You are too injured to fight recklessly!
You are too injured to fight recklessly!
You are too injured to fight recklessly!
You are too injured to fight recklessly!
You are too injured to fight recklessly!
You are too injured to fight recklessly!
You are too injured to fight recklessly!
You are too injured to fight recklessly!
You are too injured to fight recklessly!
You are too injured to fight recklessly!
You are too injured to fight recklessly!
You are too injured to fight recklessly!
You are too injured to fight recklessly!
You are too injured to fight recklessly!
You are too injured to fight recklessly!
You are too injured to fight recklessly!
You are too injured to fight recklessly!
You are too injured to fight recklessly!
You are too injured to fight recklessly!
You sock the necrophage!
The necrophage is moderately damaged.
The necrophage hits you.
You sock the necrophage!
The necrophage is severely damaged.
The necrophage hits you.
You feel drained.
* * * LOW HITPOINT WARNING * * *
You hit the necrophage but do no damage.
The necrophage is severely damaged.
The necrophage hits you.
* * * LOW HITPOINT WARNING * * *
You hit the necrophage.
The necrophage is severely damaged.
The necrophage completely misses you.
You hit the necrophage.
The necrophage is almost destroyed.
The necrophage misses you.
You sock the necrophage!
You destroy the necrophage!
Your life force feels restored.
You now have 179 gold pieces (gained 8).
Magic restored.
HP restored.
Done exploring.
Done exploring.
Done exploring.
There is a stone staircase leading down, spattered with blood here.
You climb downwards.
The jelly quivers.
There is a stone staircase leading up here.
A jelly is nearby!
A jelly is nearby!
A jelly is nearby!
Aiming: Mindburst
Press: ? - help, Shift-Dir - straight line, f - you That would be overly suicidal.
Okay, then.
Unknown command.
Aiming: Throw Flame
Press: ? - help, Shift-Dir - straight line, f - jelly
Aim: a jelly (100% to hit)
The puff of flame hits the jelly.
The jelly is moderately wounded.
You hit the jelly.
Your hands burn!
The jelly is heavily wounded.
The jelly jiggles.
The jelly closely misses you.
You hit the jelly.
Your hands burn!
The jelly is severely wounded.
The jelly misses you.
You sock the jelly!
You kill the jelly!
No target in view!
No target in view!
HP restored.
An orc priest comes into view. It is wielding a +0 hand axe.
The orc priest calls down the wrath of Beogh upon you.
Pain shoots through your body!
You see here 6 gold pieces.
An orc priest is nearby!
An orc priest is nearby!
Aiming: Mindburst
Press: ? - help, Shift-Dir - straight line, f - orc priest
Aim: an orc priest, wielding a +0 hand axe and wearing a +0 ring mail (chance to affect: 64%)
The orc priest struggles to resist.
An orc comes into view. It is wielding a +0 short sword.
Aiming: Mindburst
Press: ? - help, Shift-Dir - straight line, f/p - orc priest
Aim: an orc priest, wielding a +0 hand axe and wearing a +0 ring mail (chance to affect: 64%)
The orc priest's mind is blasted!
The orc shouts!
You hear a shout! x3
The orc priest completely misses you.
You hit the orc priest but do no damage.
The orc priest is severely wounded.
The orc priest calls down the wrath of Beogh upon you.
Pain shoots through your body!
You hit the orc priest.
You kill the orc priest!
No target in view!
No target in view!
No target in view!
An orc comes into view. It is wielding a +0 club.
An orc is nearby!
An orc is nearby!
An orc wizard and an orc come into view.
The orc wizard shouts!
The orc shouts!
The orc barely misses you.
Things that are here:
13 gold pieces; a +0 hand axe; a +0 ring mail You hit the orc.
The orc is severely wounded.
The orc closely misses you.
You sock the orc!
You kill the orc!
You hit the orc wizard.
The orc wizard is lightly wounded.
The orc wizard hits you with a +0 dagger.
You hit the orc wizard but do no damage.
The orc wizard is lightly wounded.
Aiming: Mindburst
Press: ? - help, Shift-Dir - straight line, f - orc wizard
Aim: an orc wizard, wielding a +0 dagger and wearing a +0 robe (lightly wounded, chance to affect: 64%)
The orc wizard struggles to resist.
The orc wizard gestures at you while chanting.
The magic dart hits you!
* * * LOW HITPOINT WARNING * * *
Aiming: Mindburst
Press: ? - help, Shift-Dir - straight line, f/p - orc wizard
Aim: an orc wizard, wielding a +0 dagger and wearing a +0 robe (lightly wounded, chance to affect: 64%)
The orc wizard's mind is blasted!
The orc wizard hits you but does no damage.
You are too injured to fight recklessly!
You are too injured to fight recklessly!
You are too injured to fight recklessly!
You closely miss the orc wizard.
The orc wizard is almost dead.
The orc wizard hits you with a +0 dagger.
* * * LOW HITPOINT WARNING * * *
You closely miss the orc wizard.
The orc wizard is almost dead.
The orc wizard casts a spell at you. The puff of flame hits you!
* * * LOW HITPOINT WARNING * * *
You hit the orc wizard.
You kill the orc wizard!
The orc is distracted by your dazzling golden aura.
The orc is no longer distracted by gold.
The orc closely misses you. The orc hits you but does no damage.
Items here: $ )) [[.
You hit the orc but do no damage. The orc hits you with a +0 short sword.
* * * LOW HITPOINT WARNING * * *
The orc hits you but does no damage. The orc attacks as you move away!
The orc hits you with a +0 short sword.
* * * LOW HITPOINT WARNING * * *
You see here 6 gold pieces.
The orc attacks as you move away! The orc completely misses you.
The orc attacks as you move away! The orc closely misses you.
There is a stone staircase leading up here.
The orc hits you with a +0 short sword.
* * * LOW HITPOINT WARNING * * *
You climb upwards.
There is a stone staircase leading down, spattered with blood here.
You sock the orc!
You kill the orc!
You now have 187 gold pieces (gained 8).
You see here a +0 short sword.
HP restored.
Done exploring.
There is a stone staircase leading down, spattered with blood here.
You climb downwards.
The orc hits you with a +0 short sword. x2
There is a stone staircase leading up here.
An orc is nearby!
You hit the orc.
The orc is almost dead.
The orc misses you.
You thump the orc!
You kill the orc!
No target in view!
No target in view!
HP restored.
You now have 193 gold pieces (gained 6).
You see here a +0 short sword.
You now have 199 gold pieces (gained 6).
You now have 216 gold pieces (gained 17).
Items here: )) [[.
You now have 223 gold pieces (gained 7).
You see here a +0 club.
There is a stone staircase leading down here.
s - 4 poisoned darts (gained 1)
A hound comes into view.
A hound is nearby!
A hound is nearby!
The hound barks!
The hound barely misses you. The hound bites you.
You barely miss the hound. The hound bites you.
You barely miss the hound. The hound bites you. The hound closely misses you.
You hit the hound but do no damage. The hound barely misses you.
You hit the hound.
The hound is lightly wounded.
The hound bites you. x2
You hit the hound.
The hound is heavily wounded.
The hound closely misses you. The hound misses you.
You hit the hound.
The hound is almost dead.
The hound bites you.
You sock the hound!
You kill the hound!
No target in view!
No target in view!
No target in view!
No target in view!
No target in view!
No target in view!
You now have 227 gold pieces (gained 4).
A white imp comes into view.
The white imp moves out of view.
A white imp is nearby!
The white imp gestures at you. The puff of frost hits you!
The white imp hits you but does no damage.
You thump the white imp!
The white imp is heavily wounded.
The white imp grinds its teeth.
The white imp misses you.
You closely miss the white imp.
The white imp is heavily wounded.
The white imp closely misses you.
You barely miss the white imp.
The white imp is heavily wounded.
The white imp gestures at you. The puff of frost hits you.
You closely miss the white imp.
The white imp is heavily wounded.
The white imp gestures at you. The puff of frost hits you!
You hit the white imp but do no damage.
The white imp is heavily wounded.
The white imp closely misses you.
You hit the white imp but do no damage.
The white imp is heavily wounded.
The white imp closely misses you.
You hit the white imp.
You kill the white imp!
Your Conjurations skill increases to level 6!
No target in view!
An orc wizard comes into view. It is wielding a +0 dagger.
An orc wizard is nearby!
An orc wizard is nearby!
An orc wizard is nearby!
There is a stone staircase leading up here.
You climb upwards.
There is a stone staircase leading down, spattered with blood here.
HP restored.
Done exploring.
You climb downwards.
There is a stone staircase leading up here.
l - 3 scrolls labelled QIAQIL ZUANEX (gained 1)
You now have 235 gold pieces (gained 8).
You now have 256 gold pieces (gained 21).
A white imp comes into view.
A white imp is nearby!
Found a stormy altar of Qazlal.
Found an escape hatch in the floor.
You closely miss the white imp. The white imp hits you.
The white imp freezes you.
You barely miss the white imp.
The white imp hits you but does no damage.
You closely miss the white imp. The white imp gestures at you.
The puff of frost misses you.
You hit the white imp.
The white imp is moderately wounded.
The white imp gestures at you. The puff of frost hits you!
You hit the white imp.
The white imp is severely wounded.
The white imp hits you. The white imp freezes you.
You are too injured to fight recklessly!
You are too injured to fight recklessly!
You are too injured to fight recklessly!
You are too injured to fight recklessly!
You hit the white imp.
You kill the white imp!
An orc wizard is nearby!
An orc wizard is nearby!
The orc wizard shouts!
An orc comes into view. It is wielding a +0 dagger.
An orc comes into view. It is wielding a +0 mace.
You start resting.
An orc wizard is nearby!
The orc wizard hits you with a +0 dagger.
You closely miss the orc wizard.
The orc wizard hits you but does no damage.
You sock the orc wizard!
The orc wizard is heavily wounded.
The orc wizard barely misses you.
You hit the orc wizard.
The orc wizard is severely wounded.
The orc wizard barely misses you.
You sock the orc wizard!
You kill the orc wizard!
The orc barely misses you.
Items here: $ ) ? [.
You hit the orc but do no damage. The orc hits you with a +0 dagger.
The orc shouts!
You sock the orc!
You kill the orc!
The orc hits you but does no damage.
Things that are here:
3 gold pieces; a +0 dagger You hit the orc.
The orc is moderately wounded.
The orc closely misses you.
You hit the orc but do no damage.
The orc is moderately wounded.
The orc hits you with a +0 mace.
You hit the orc but do no damage.
The orc is moderately wounded.
The orc hits you with a +0 mace.
You closely miss the orc.
The orc is moderately wounded.
The orc is distracted by your dazzling golden aura.
You strike the helpless orc from behind!
You hit the orc but do no damage.
The orc is no longer distracted by gold.
The orc is moderately wounded.
The orc hits you but does no damage.
You hit the orc but do no damage. You punch the orc.
The orc is heavily wounded.
The orc barely misses you.
You hit the orc.
The orc is almost dead.
The orc barely misses you.
You barely miss the orc.
The orc is almost dead.
The orc hits you with a +0 mace!
You hit the orc but do no damage.
The orc is almost dead.
The orc completely misses you. The orc hits you with a +0 mace.
* * * LOW HITPOINT WARNING * * *
You hit the orc.
You kill the orc!
You now have 271 gold pieces (gained 15).
Things that are here:
a +0 mace; a +0 chain mail You now have 274 gold pieces (gained 3).
You see here a +0 dagger.
You now have 281 gold pieces (gained 7).
A - a scroll labelled IQERUE LIFOTUT
Things that are here:
a +0 dagger; a +0 robe You start resting.
A hound comes into view.
You catch the helpless hound completely off-guard!
You thump the hound!
The hound is heavily wounded.
The hound barely misses you.
You hit the hound.
The hound is severely wounded.
The hound bites you. x2
You hit the hound.
The hound is almost dead.
The hound stops to sniff the ground.
The hound closely misses you.
You hit the hound but do no damage.
The hound is almost dead.
The hound bites you. x2
You hit the hound.
You kill the hound!
Your Spellcasting skill increases to level 4!
You now have 287 gold pieces (gained 6).
You start resting.
Magic restored.
You start resting.
HP restored.
Okay, then.
Unknown command.
Unknown command.
Unknown command.
Unknown command.
Unknown command.
Okay, then.
Unknown command.
Things that are here:
a +0 dagger; a +0 robe You see here a +0 dagger.
Things that are here:
a +0 mace; a +0 chain mail You now have 291 gold pieces (gained 4).
You now have 295 gold pieces (gained 4).
Found 7 stones.
Something hits you!
Deactivating autopickup; reactivate with Ctrl-A.
Something hits you. x2
Aiming: Mindburst
Press: ? - help, Shift-Dir - straight line Something's mind is blasted!!
Something hits you.
Aiming: Mindburst
Press: ? - help, Shift-Dir - straight line Something's mind is blasted!
Something hits you.
You hit something but do no damage. Something hits you!
* * * LOW HITPOINT WARNING * * *
Something hits you!
* * * LOW HITPOINT WARNING * * *
Aiming: Mindburst
Press: ? - help, Shift-Dir - straight line Nothing appears to happen.
Something completely misses you.
It was a potion of curing.
You feel better. Something hits you.
* * * LOW HITPOINT WARNING * * *
Okay, then.
Okay, then.
Aiming: Mindburst
Press: ? - help, Shift-Dir - straight line Nothing appears to happen.
Something hits you but does no damage. Something hits you.
* * * LOW HITPOINT WARNING * * *
Something hits you.
* * * LOW HITPOINT WARNING * * *
Something hits you!
You die...
Your body crumbles into a pile of gold.

#.## ... ..## #. #.#.
#.# ..# #. #...# #.#
##.# #. #...## #(#
##..## #.
#.#..####.####....####.
#.##.....♣.....##....#.
#....####.####..####...
#...###.#.# ##..###...
#..###@##.# #.##....
#.....###.# .....#..
#.....# ... .#####.§
##.#..# .#. #..
#....... . #.. ###.####
.# ##. #.. #§ ### #. #.


There were no monsters in sight!

Vanquished Creatures
  An ice beast (D:6)
  An ogre (D:5)
  A phantom (D:5)
  A necrophage (D:5)
  2 scorpions
  A howler monkey (D:5)
  An orc priest (D:6)
  2 hounds (D:6)
  2 jellies
  3 iguanas
  3 orc wizards
  3 gnolls (D:5)
  5 adders
  A shadow imp (D:5)
  2 white imps (D:6)
  An ufetubus (D:4)
  A dart slug (D:3)
  12 orcs
  2 bats
  12 endoplasms
  4 giant cockroaches
  6 goblins
  4 hobgoblins
  7 jackals
  8 kobolds
  6 quokkas
  7 ball pythons
  2 frilled lizards
  3 rats
104 creatures vanquished.

Vanquished Creatures (others)
  4 plants (D:3)
4 creatures vanquished.

Grand Total: 108 creatures vanquished

Notes
Turn   | Place    | Note
-------+----------+-------------------------------------------
     0 | D:1      | sleeves the Human Reaver began the quest for the Orb.
     0 | D:1      | Reached XP level 1. HP: 16/16 MP: 3/3
    22 | D:1      | Found a faded altar of an unknown god.
    43 | D:1      | Noticed a great orb of eyes
    65 | D:1      | Noticed a floating eye
    65 | D:1      | Noticed a floating eye
    65 | D:1      | Noticed an eye of devastation
   130 | D:1      | Reached XP level 2. HP: 19/22 MP: 5/5
   494 | D:1      | HP: 10/22 [quokka (3)]
   497 | D:1      | HP: 4/22 [quokka (3)]
   841 | D:2      | Reached skill level 4 in Maces & Flails
   841 | D:2      | Reached XP level 3. HP: 27/27 MP: 6/6
   933 | D:2      | HP: 12/27 [adder (3)]
  1476 | D:2      | Noticed a phantom
  1556 | D:1      | Reached XP level 4. HP: 30/30 MP: 7/7
  2412 | D:3      | Reached skill level 5 in Maces & Flails
  2575 | D:4      | Noticed a scorpion
  2584 | D:4      | Killed a scorpion
  2585 | D:4      | Reached XP level 5. HP: 30/38 MP: 6/8
  2720 | D:4      | Noticed an ogre
  2799 | D:4      | Reached skill level 6 in Maces & Flails
  2833 | D:4      | Found a basalt altar of Yredelemnul.
  2865 | D:4      | Reached XP level 6. HP: 34/44 MP: 9/9
  3269 | D:5      | Entered Level 5 of the Dungeon
  3638 | D:5      | Noticed an ogre
  3646 | D:5      | Killed an ogre
  3647 | D:5      | Reached skill level 7 in Maces & Flails
  3647 | D:5      | Reached XP level 7. HP: 50/50 MP: 10/10
  3650 | D:5      | Found an opulent altar of Gozag.
  3789 | D:4      | Reached skill level 4 in Conjurations
  3839 | D:5      | HP: 24/50 [phantom (3)]
  4205 | D:5      | Became a worshipper of Gozag Ym Sagoz the Greedy
  4381 | D:5      | HP: 22/50 [howler monkey (4)]
  4386 | D:5      | HP: 17/50 [shadow imp/nerve-wracking pain (2)]
  4391 | D:5      | HP: 17/50 [howler monkey (1)]
  4397 | D:5      | HP: 10/50 [howler monkey (1)]
  4580 | D:5      | HP: 25/50 [scorpion (2)]
  4582 | D:5      | Reached skill level 5 in Conjurations
  4721 | D:6      | Reached skill level 3 in Spellcasting
  4721 | D:6      | Reached XP level 8. HP: 54/56 MP: 10/12
  4740 | D:5      | HP: 27/54 [necrophage (1)]
  4908 | D:6      | HP: 27/56 [orc wizard/magic dart (11)]
  4914 | D:6      | HP: 16/56 [orc/+0 short sword (4)]
  4919 | D:6      | HP: 10/56 [orc/+0 short sword (4)]
  5180 | D:6      | Reached skill level 6 in Conjurations
  5276 | D:6      | Found a stormy altar of Qazlal.
  5323 | D:6      | HP: 24/56 [orc/+0 mace (6)]
  5412 | D:6      | Reached skill level 4 in Spellcasting
  5528 | D:6      | HP: 23/56 [something (8)]
  5533 | D:6      | HP: 6/56 [something (6)]
  5533 | D:6      | Slain by an unseen horror

Illustrated notes

Levels and vault maps discovered:
D:1:      minmay_arrival_arboretum_small, layout_loops_cross,
          hellmonk_ecumenical_altar_watching_god
D:2:      layout_basic, minmay_strange_pillars
D:3:      layout_loops_corners, serial_bayou_lagoon_b
D:4:      cheibrodos_quashed, layout_basic, nicolae_overflow_crystal_walls
D:5:      layout_rooms, grunt_gozag_breadcrumbs
D:6:      layout_rooms, nicolae_qazlal_general_emergency,
          mainiacjoe_overflow_alcove_4, minmay_temple_entry_large_hall,
          minmay_misc_feat_pillars, kb_rosetta

Skill      XL: |  1  2  3  4  5  6  7  8 |
---------------+-------------------------+-----
Maces & Flails | 4 5 6 7 |  7.0
Conjurations   | 5 6 |  6.1
Spellcasting   | 3 4 |  4.0
Fighting       | |  2.0
Dodging        | |  2.0

Action                   |  1- 3 |  4- 6 |  7- 9 || total
-------------------------+-------+-------+-------++-------
Melee: Mace              |   124 |   140 |   184 ||   448
       Punch             |     1 |       |     2 ||     3
Throw: Dart              |       |    11 |     6 ||    17
 Cast: Kiss of Death     |     1 |     1 |       ||     2
Evoke: Wand              |       |     1 |    15 ||    16
  Use: Potion            |       |       |     1 ||     1
 Stab: Sleeping          |     1 |       |       ||     1
       Distracted        |       |       |     2 ||     2
Armor: Leather armour    |    20 |       |    18 ||    38
       Ring mail         |    26 |    63 |    30 ||   119
Dodge: Dodged            |    65 |   102 |   124 ||   291

Table legend: (Time is in decaauts)
 A = Elapsed time spent in this place.
 B = Non-inter-level travel time spent in this place.
 C = Inter-level travel time spent in this place.
 D = Time resting spent in this place.
 E = Time spent auto-exploring this place.
 F = Levels seen in this place.
 G = Mean time per level.
                   A        B        C        D        E       F      G
               +--------+--------+--------+--------+--------+-----+--------+
         Total |   5618 |   5035 |    583 |    400 |   3424 |   6 |  936.3 |
       Dungeon |   5618 |   5035 |    583 |    400 |   3424 |   6 |  936.3 |
               +--------+--------+--------+--------+--------+-----+--------+

Top non-repeatable levels by time:
     D:5: 1554 daAuts
     D:3: 1226 daAuts
     D:1: 1048 daAuts
     D:4: 776 daAuts
     D:6: 557 daAuts
     D:2: 454 daAuts
